 Dungeon Crawl Stone Soup version 0.30-a0-137-gd8773701ce (webtiles) character file.

Game seed: 3373262621130571176

161 themarg the Magician (level 5, -1/35 HPs)
             Began as a Djinni Fire Elementalist on Sept 22, 2022.
             Slain by an orc
             ... wielding a +0 flail
              (8 damage)
             ... on level 3 of the Dungeon.
             The game lasted 00:09:36 (3133 turns).

themarg the Magician (Djinni Fire Elementalist)     Turns: 3133, Time: 00:09:36

Health: -1/35      AC:  2    Str:  7    XL:     5   Next: 70%
Gold:   105        EV: 12    Int: 18    God:
                   SH:  0    Dex: 14

rFire   + + .      SeeInvis .    i - +0 dagger
rCold   x . .      Faith    .    (no shield)
rNeg    . . .      Spirit   .    a - +0 robe
rPois   ∞          Reflect  .    (no helmet)
rElec   .          Harm     .    (no cloak)
rCorr   .          Rampage  .    (no gloves)
Will    .....                    (boots unavailable)
Stlth   ++........               (no amulet)
HPRegen 0.11/turn                c - ring of wizardry
MPRegen 0.00/turn                (no ring)

@: flying, very slightly contaminated
A: sickness immunity, fire resistance 2, cold vulnerability 1, float, innate
caster, HP casting, extra vitality 1
a: no special abilities


You were on level 3 of the Dungeon.
You visited 1 branch of the dungeon, and saw 3 of its levels.

You collected 105 gold pieces.

Inventory:

Hand Weapons
 i - a +0 dagger (weapon)
Armour
 a - a +0 robe (worn)
Jewellery
 c - a ring of wizardry (left hand)
 q - a ring of protection from fire
Wands
 p - a wand of flame (23)
Scrolls
 b - a scroll of teleportation {unknown}
 d - a scroll of identify {unknown}
 e - 2 scrolls of enchant armour {unknown}
 g - a scroll of magic mapping {unknown}
 h - a scroll of poison {unknown}
 j - 2 scrolls of amnesia {unknown}
 n - 3 scrolls of enchant weapon {unknown}
Potions
 f - 3 potions of mutation {unknown}
 k - a potion of curing {unknown}
 l - a potion of heal wounds {unknown}
 m - a potion of attraction {unknown}
 o - a potion of resistance {unknown}


   Skills:
 + Level 0.1 Short Blades
 - Level 2.3 Dodging
 + Level 2.4 Stealth
 + Level 4.2 Spellcasting


You couldn't memorise any spells.
You knew the following spells:

 Your Spells              Type           Power      Damage    Failure   Level
a - Foxfire               Conj/Fire      76%        2x1d7     1%          1
b - Scorch                Fire           38%        2d6       1%          2
c - Kindle Blastsparks    Fire/Tloc/Air  38%        2d13      3%          3
d - Inner Flame           Hex/Fire       19%        N/A       3%          3
e - Flame Wave            Conj/Fire      19%        2d7       11%         4
f - Slow                  Hex            76%        N/A       1%          1
g - Poisonous Vapours     Pois/Air       38%        N/A       1%          2
Your spell library was empty.

Dungeon Overview and Level Annotations

Branches:
Dungeon (3/15)

Altars:

Shops:
D:1 [

Annotations:
D:3 3 runed translucent doors, exclusion: orc wizard, Grinder; jlumianski's ghost, amateur GrGl; pigah's ghost, amateur OpAE


Innate Abilities, Weirdness & Mutations

You are immune to sickness and miasma.
You are immune to poison.
Your flesh is very heat resistant. (rF++)
You are vulnerable to cold. (rC-)
You float through the air rather than walking.
You learn spells naturally, not from books.
Your magical power is your life essence.
You have superior vitality. (+4 MHP)


Message History

You conjure some foxfire!
The foxfire hits the orc but does no damage.
The foxfire hits the orc.
The orc is lightly wounded.
Casting: Foxfire (safe; 1% risk of failure)
Confirm with . or Enter, or press ? or * to list all spells.
Flames lash the orc.
The orc is moderately wounded.
The orc's fire resistance burns away.
The orc drinks a potion.
The orc flickers and vanishes!
Casting: Scorch (safe; 1% risk of failure)
Confirm with . or Enter, or press ? or * to list all spells.
You can't see any susceptible monsters within range! (Use Z to cast anyway.)
Casting: Scorch (safe; 1% risk of failure)
Confirm with . or Enter, or press ? or * to list all spells.
Flames lash something.
Casting: Scorch (safe; 1% risk of failure)
Confirm with . or Enter, or press ? or * to list all spells.
You miscast Kindle Blastsparks.
You are very lightly contaminated with residual magic.
Nothing appears to happen.
Something hits you. Something hits you!
A magic dart appears from out of thin air!
The magic dart hits something.
Casting: Kindle Blastsparks (dangerous; 3% risk of failure)
Confirm with . or Enter, or press ? or * to list all spells.
You conjure some foxfire!
* * * LOW HITPOINT WARNING * * *
Something hits you.
* * * LOW HITPOINT WARNING * * *
The foxfire hits something but does no damage. x2
Casting: Foxfire (safe; 1% risk of failure)
Confirm with . or Enter, or press ? or * to list all spells.
You can't see any susceptible monsters within range! (Use Z to cast anyway.)
Casting: Foxfire (safe; 1% risk of failure)
Confirm with . or Enter, or press ? or * to list all spells.
Flames lash something but do no damage.
* * * LOW HITPOINT WARNING * * *
Something hits you!
You die...

##.######.#######. #.#
#.# #.# ###.#### # #.#
##......####.# #.#
#.......##... #.#
#.#.._..##.# # #.#
#..........#.# .#
####.#####.....##.#.#..#
#.......†....@.........#
####.##.######......##.#
#.##.# ###......... .
#.##.#########.#.##.##
.. ####.......# #.#.##.#
.. #.#####.# #.#.##.# ..
#.# #.###.#.##.#####..
#.# #.................
#.# #.##..............


There were no monsters in sight!

Vanquished Creatures
  A jelly (D:3)
  5 adders
  4 worms
  2 dart slugs
  6 orcs (D:3)
  7 ball pythons
  5 bats
  5 endoplasms
  3 giant cockroaches
  4 goblins
  6 hobgoblins
  3 jackals (D:1)
  3 frilled lizards
  3 kobolds (D:2)
  6 rats
63 creatures vanquished.

Vanquished Creatures (others)
  136 foxfires
136 creatures vanquished.

Grand Total: 199 creatures vanquished

Notes
Turn   | Place    | Note
-------+----------+-------------------------------------------
     0 | D:1      | themarg the Djinni Fire Elementalist began the quest for
                  | the Orb.
     0 | D:1      | themarg set off with the following spells memorised:
                  | Foxfire, Scorch, Kindle Blastsparks, Inner Flame, Flame
                  | Wave.
     0 | D:1      | Reached XP level 1. HP: 15/15 MP: 0/0
   266 | D:1      | Reached XP level 2. HP: 20/21 MP: 0/0
   693 | D:1      | Reached XP level 3. HP: 16/25 MP: 0/0
   693 | D:1      | Learned a level 1 spell: Slow
   694 | D:1      | Reached skill level 3 in Spellcasting
  1126 | D:1      | Found Loimnimm's Antique Armour Emporium.
  1519 | D:2      | Reached XP level 4. HP: 28/31 MP: 0/0
  2204 | D:2      | Reached XP level 5. HP: 32/35 MP: 0/0
  2204 | D:2      | Learned a level 2 spell: Poisonous Vapours
  2628 | D:3      | Reached skill level 4 in Spellcasting
  2744 | D:3      | Found a runed translucent gate.
  2744 | D:3      | Found a runed translucent gate.
  2745 | D:3      | Found a runed translucent gate.
  2746 | D:3      | Noticed jlumianski's ghost (amateur GrGl)
  2747 | D:3      | Noticed pigah's ghost (amateur OpAE)
  2931 | D:3      | Found a faded altar of an unknown god.
  3080 | D:3      | Noticed Grinder
  3133 | D:3      | Slain by an orc

Illustrated notes

Levels and vault maps discovered:
D:1:      amcnicky_arrival_gap_in_the_tavern_cellar, layout_basic, serial_shops,
          nicolae_shop_temple_entry_statues_fountains
D:2:      layout_basic, minmay_crystal_room
D:3:      cheibrodos_old_hovel, layout_basic, gammafunk_ghost_cemetery,
          ebering_ecumenical_altar_sacrificial, uniq_grinder

Skill      XL: |  1  2  3  4  5 |
---------------+----------------+-----
Stealth        | 2 |  2.4
Spellcasting   | 3 4 |  4.2
Short Blades   | |  0.1
Dodging        | |  2.3

Action                   |  1- 3 |  4- 6 || total
-------------------------+-------+-------++-------
Melee: Dagger            |     2 |     5 ||     7
 Cast: Foxfire           |    42 |    51 ||    93
       Scorch            |     6 |    15 ||    21
       Slow              |       |     2 ||     2
Armor: Robe              |     1 |     2 ||     3
Dodge: Dodged            |     7 |     9 ||    16

Table legend: (Time is in decaauts)
 A = Elapsed time spent in this place.
 B = Non-inter-level travel time spent in this place.
 C = Inter-level travel time spent in this place.
 D = Time resting spent in this place.
 E = Time spent auto-exploring this place.
 F = Levels seen in this place.
 G = Mean time per level.
                   A        B        C        D        E       F      G
               +--------+--------+--------+--------+--------+-----+--------+
         Total |   3133 |   3069 |     64 |   1152 |   1450 |   3 | 1044.3 |
       Dungeon |   3133 |   3069 |     64 |   1152 |   1450 |   3 | 1044.3 |
               +--------+--------+--------+--------+--------+-----+--------+

Top non-repeatable levels by time:
     D:1: 1433 daAuts
     D:2: 1076 daAuts
     D:3: 624 daAuts
